 Dungeon Crawl Stone Soup version 0.31.0-10-gcf4a605ca0 (webtiles) character file.

Game seed: 12620158667519958692

562 zenocrate the Sneak (level 7, 33/33 HPs)
             Began as a Vine Stalker Enchanter on Jan 25, 2024.
             Quit the game on level 5 of the Dungeon.
             The game lasted 00:04:41 (4240 turns).

zenocrate the Sneak (Vine Stalker Enchanter)        Turns: 4240, Time: 00:04:42

Health: 33/33      AC:  7    Str: 17    XL:     7   Next: 31%
Magic:  12/12      EV: 13    Int: 11    God:
Gold:   87         SH:  0    Dex: 16    Spells: 2/12 levels left

rFire   . . .        a - +1 dagger
rCold   + . .        (no shield)
rNeg    . . .        b - +0 robe
rPois   .            e - +2 helmet of Distant Shores {rElec rC+ Will+ Int-4}
rElec   +            (no cloak)
rCorr   .            (no gloves)
SInv    .            k - +1 pair of boots
Will    +....        (no amulet)
Stlth   +++          t - +6 ring of strength
HPRegen 1.05/turn    (no ring)
MPRegen 0.13/turn

%: guardian spirit
@: no status effects
A: fangs 2, regeneration 1, magic shield, antimagic bite, no potion heal 2
a: no special abilities


You were on level 5 of the Dungeon.
You visited 1 branch of the dungeon, and saw 5 of its levels.

You collected 288 gold pieces.
You spent 201 gold pieces at shops.

Inventory:

Hand Weapons
 a - a +1 dagger (weapon)
Missiles
 l - 3 poisoned darts
 o - 6 boomerangs (quivered)
 y - 2 curare-tipped darts
Armour
 b - a +0 robe (worn)
 e - the +2 helmet of Distant Shores (worn) {rElec rC+ Will+ Int-4}
   (You acquired it on level 5 of the Dungeon)

   Int-4:     It affects your intelligence (-4).
   rC+:       It protects you from cold.
   rElec:     It insulates you from electricity.
   Will+:     It increases your willpower.
 k - a +1 pair of boots (worn)
 r - a +2 helmet
Jewellery
 t - a +6 ring of strength (left hand)
Wands
 d - a wand of charming (25)
 q - a wand of digging (4)
 u - a wand of roots (12)
 z - a wand of flame (24)
Scrolls
 g - a scroll of immolation
 n - 2 scrolls of teleportation
 w - 2 scrolls of poison
 x - a scroll of vulnerability
Potions
 c - 2 potions of invisibility
 f - a potion of haste
 i - 2 potions of lignification
 j - 2 potions of curing


   Skills:
 + Level 1.4 Fighting
 + Level 2.9 Short Blades
 + Level 3.0 Dodging
 + Level 5.5 Stealth
 - Level 3.0 Spellcasting
 + Level 4.2 Hexes
 + Level 2.5 Ice Magic


You had 2 spell levels left.
You knew the following spells:

 Your Spells              Type           Power      Damage    Failure   Level
a - Ensorcelled Hibernat  Hex/Ice        18%        N/A       10%         2
b - Confusing Touch       Hex            11%        N/A       14%         3
c - Tukima's Dance        Hex            11%        N/A       14%         3
x - Blink                 Tloc           2%         N/A       36%         2

Your spell library contained the following spells:

 Spells                   Type           Power      Damage    Failure   Level
 Slow                     Hex            44%        N/A       4%          1
 Magic Dart               Conj           4%         1d3       26%         1
 Call Imp                 Summ           2%         N/A       36%         2
 Sigil of Binding         Hex            11%        N/A       14%         3
 Dazzling Flash           Conj/Hex       12%        N/A       32%         3
 Stone Arrow              Conj/Erth      2%         3d7       61%         3
 Vampiric Draining        Necr           1%         2d6       61%         3
 Animate Armour           Summ/Erth      2%         N/A       95%         4
 Lehudib's Crystal Spear  Conj/Erth      0%         10d2      100%        8


Dungeon Overview and Level Annotations

Branches:
Dungeon (5/15)
 Temple: D:4-7

Altars:
Ashenzari
Makhleb
Qazlal
Trog
Wu Jian
Xom

Shops:
D:1 (


Innate Abilities, Weirdness & Mutations

You have extremely sharp teeth.
Your natural rate of healing is unusually fast.
When hurt, damage is shared between your health and your magic reserves.
Your bite disrupts and absorbs the magic of your enemies.
Potions cannot restore your health.


Message History

The rat squeaks loudly.
The rat barely misses you.
You hit the rat. You bite the rat.
You kill the rat!
No target in view!
No target in view!
Found a stone staircase leading down.
No target in view!
Found a stone.
A ball python comes into view.
A ball python is nearby!
A ball python is nearby!
You strike the helpless ball python from behind!
You puncture the ball python!
You kill the ball python!
No target in view!
You see here a ball python corpse.
You see here a stone.
Key pressed, stopping explore.
No target in view!
u - a wand of roots (12) (gained 7 charges)
You hear the rusting of a distant drain.
Found a stormy altar of Qazlal.
No target in view!
You open the door.
There is an open door here.
You now have 38 gold pieces (gained 7).
z - a wand of flame (24) (gained 19 charges)
There is a stormy altar of Qazlal here.
You now have 54 gold pieces (gained 16).
You now have 62 gold pieces (gained 8).
You now have 71 gold pieces (gained 9).
You hear the brisk rusting of a distant drain.
There is a stormy altar of Qazlal here.
There is an open door here.
You now have 87 gold pieces (gained 16).
w - 2 scrolls of poison (gained 1) Key pressed, stopping explore.
No target in view!
Are you sure you want to abandon this character and quit the game? (Confirm with "yes".)

. ....# # #.#.#.####
.....# .##.#.#.#### ...
...........
#.######.#.#.#.#.
................. #.#
####.#.###### #.#
#.#.#.....
########.######.#.#.....
#......@........#.'.._..
########..........#.....
#............#.....
##########.#.######
#.#....... #.########
#.# #.# #.


There were no monsters in sight!

Vanquished Creatures
  An ogre (D:5)
  A scorpion (D:4)
  2 bombardier beetles (D:4)
  A hound (D:4)
  An orc priest (D:3)
  3 iguanas
  An orc wizard (D:3)
  8 adders
  5 dart slugs
  5 ribbon worms
  12 orcs
  8 ball pythons
  7 endoplasms
  2 giant cockroaches
  3 goblins
  9 hobgoblins
  3 quokkas
  7 bats
  4 frilled lizards
  4 kobolds
  14 rats
101 creatures vanquished.

Notes
Turn   | Place    | Note
-------+----------+-------------------------------------------
     0 | D:1      | zenocrate the Vine Stalker Enchanter began the quest for
                  | the Orb.
     0 | D:1      | Reached XP level 1. HP: 9/9 MP: 4/4
    36 | D:1      | Reached skill level 1 in Short Blades
   199 | D:1      | Reached XP level 2. HP: 12/13 MP: 4/6
   202 | D:1      | Learned a level 2 spell: Ensorcelled Hibernation
   292 | D:1      | Found a faded altar of an unknown god.
   439 | D:1      | Found Kyf Qes's Antique Weapon Emporium.
   749 | D:1      | Reached skill level 4 in Stealth
   955 | D:2      | Reached XP level 3. HP: 16/16 MP: 7/7
   959 | D:2      | Learned a level 3 spell: Confusing Touch
  1084 | D:2      | Found Serha's Assorted Antiques.
  1120 | D:2      | Bought a pink potion for 20 gold pieces
  1120 | D:2      | Bought an orange potion for 20 gold pieces
  1295 | D:2      | Reached skill level 1 in Ice Magic
  1295 | D:2      | Reached XP level 4. HP: 19/21 MP: 0/8
  1500 | D:2      | Found a bloodstained altar of Trog.
  1611 | D:2      | Learned a level 3 spell: Tukima's Dance
  1889 | D:3      | Found an ornate altar of the Wu Jian Council.
  2124 | D:3      | Reached XP level 5. HP: 24/24 MP: 0/10
  2445 | D:3      | Found a burning altar of Makhleb.
  2596 | D:4      | Reached XP level 6. HP: 23/28 MP: 3/11
  2620 | D:4      | Reached skill level 5 in Stealth
  2692 | D:4      | Found a broken altar of Ashenzari.
  2820 | D:2      | Bought a scroll labelled OGIDYE VIOSUA for 23 gold pieces
  2820 | D:2      | Bought a scroll labelled IXUOMA XITUA for 23 gold pieces
  2820 | D:2      | Bought a scroll labelled OGIDYE VIOSUA for 23 gold pieces
  3183 | D:4      | Reached skill level 1 in Fighting
  3360 | D:2      | Bought an encrusted copper wand for 92 gold pieces
  3652 | D:4      | Reached XP level 7. HP: 33/33 MP: 2/12
  3655 | D:4      | Learned a level 2 spell: Blink
  3746 | D:4      | Found a shimmering altar of Xom.
  3866 | D:5      | Entered Level 5 of the Dungeon
  4046 | D:5      | Identified a scroll of acquirement
  4046 | D:5      | Acquired the +2 helmet of Distant Shores {rElec rC+ Will+
                  | Int-4}
  4187 | D:5      | Found a stormy altar of Qazlal.
  4240 | D:5      | Quit the game

Illustrated notes

Levels and vault maps discovered:
D:1:      dpeg_arrival_boxorama, layout_loops_ring, basic_ecumenical_altar,
          serial_shops, shop
D:2:      layout_basic, serial_shops, nicolae_shop_peninsula, basic_altar,
          minmay_rat_gold_closets
D:3:      layout_rooms, nzn_wu_jian_contemplation, lightli_temple_of_fire
D:4:      layout_basic, lemuel_coloured_pillars_altar, minmay_ruined_shrine
D:5:      layout_basic, amcnicky_altar_gilded, portal_sewer_entry_b

Skill      XL: |  1  2  3  4  5  6  7 |
---------------+----------------------+-----
Short Blades   | 1 2 |  2.9
Stealth        | 4 5 |  5.5
Dodging        | 2 3 |  3.0
Ice Magic      | 1 2 |  2.5
Spellcasting   | 3 |  3.0
Hexes          | 4 |  4.2
Fighting       | 1 |  1.4

Action                     |  1- 3 |  4- 6 |  7- 9 || total
---------------------------+-------+-------+-------++-------
  Melee: Dagger            |    85 |   128 |    10 ||   223
         Bite              |    18 |    28 |     1 ||    47
         Punch             |       |     2 |       ||     2
   Cast: Ensorcelled Hiber |     6 |    36 |     3 ||    45
    Use: Scroll            |       |     3 |    11 ||    14
         Potion            |       |     1 |       ||     1
   Stab: Sleeping          |    20 |    31 |     5 ||    56
         Distracted        |       |       |     1 ||     1
 Armour: Robe              |    33 |    82 |     1 ||   116
  Dodge: Dodged            |    42 |    79 |     4 ||   125
